 Dungeon Crawl Stone Soup version bcrawl-1.19.1 (webtiles) character file.

Game seed: 17795642119663071806

6023 JackS81 the Fighter (level 10, -1/96 HPs)
             Began as a Hill Orc Archaeologist on Dec 1, 2019.
             Was an Elder of Beogh.
             Slain by a polar bear (2 damage)
             ... on level 1 of the Lair of Beasts on Dec 3, 2019.
             The game lasted 00:42:14 (8885 turns).

JackS81 the Fighter (Hill Orc Archaeologist)        Turns: 8885, Time: 00:42:14

Health: -1/96      AC:  8    Str: 20    XL:     10   Next: 86%
Magic:  15/15      EV: 20    Int: 12    God:    Beogh [****..]
Gold:   462        SH:  0    Dex: 19    Spells: 9/9 levels left

rFire    . . .     SeeInvis .   f - +7 captain's cutlass {speed, disarm}
rCold    . . .     Gourm    .   (no shield)
rNeg     . . .     Faith    .   b - +1 robe
rPois    +         Spirit   .   c - +1 hat
rElec    .         Reflect  .   (no cloak)
rCorr    .         Harm     .   (no gloves)
MR       .....                  d - +1 pair of boots
Stlth    +++.......             (no amulet)
HPRegen  0.26/turn              P - ring of poison resistance
MPRegen  0.14/turn              e - +5 ring of strength

@: agile, about to teleport
A: thin metallic scales 1, agile 1, dopey 1
a: Smiting, Recall Orcish Followers, Renounce Religion


You were on level 1 of the Lair of Beasts.
You worshipped Beogh.
Beogh was greatly pleased with you.
You were not hungry.

You visited 2 branches of the dungeon, and saw 9 of its levels.

You collected 462 gold pieces.

Inventory:

Hand Weapons
 a - a +1 antimagic trident
 f - the +7 captain's cutlass (weapon) {speed, disarm} Attacks with this weapon are significantly faster.
 i - a +4 mace
 m - a +0 whip of electrocution
 o - a +0 hand axe of flaming
 p - a +4 hunting sling
 y - a +3 dagger of chaos
 N - the +8 rapier of Unkoryl {protect, rN+ Int+4}
   (You found it on level 7 of the Dungeon)

   It grants its wielder temporary protection when it strikes (+7 to AC).
   It affects your intelligence (+4).
   It protects you from negative energy.
Missiles
 h - 1257 arrows
 j - 146 poisoned needles
 z - 403 tomahawks (quivered)
 A - 804 sling bullets
 H - 65 tomahawks of dispersal
 V - 112 exploding tomahawks
Armour
 b - a +1 robe (worn)
 c - a +1 hat (worn)
 d - a +1 pair of boots (worn)
 F - a +2 shield
 S - a cursed +0 leather armour
Jewellery
 e - a +5 ring of strength (right hand)
 k - an uncursed ring of ice
 I - an uncursed amulet of the gourmand
 P - a ring of poison resistance (left hand)
Wands
 G - a wand of iceblast (15)
 Q - a wand of random effects (5)
 T - a wand of enslavement (11)
Scrolls
 r - 2 scrolls of teleportation
 s - 2 scrolls of fog {unknown}
 t - 3 scrolls of immolation {unknown}
 u - a scroll of noise {unknown}
 v - 3 scrolls of identify
 w - a scroll of enchant weapon {unknown}
 x - a scroll of enchant armour {unknown}
 B - 3 scrolls of magic mapping {unknown}
 J - a scroll of blinking {unknown}
 M - a scroll of remove curse
 R - a scroll of vulnerability {unknown}
 U - 2 scrolls of amnesia {unknown}
Potions
 l - 2 potions of agility
 n - 2 potions of curing
 q - a potion of flight {unknown}
 C - 2 potions of heal wounds {unknown}
 D - a potion of cancellation {unknown}
 E - 4 potions of brilliance
 K - 2 potions of magic {unknown}
 L - 2 potions of mutation
 O - a potion of lignification
Comestibles
 g - 11 rations {!d}
 W - 8 chunks of flesh


   Skills:
 * Level 11.2 Fighting
   Level 11.2 Short Blades
   Level 11.2 Long Blades
   Level 11.2 Axes
   Level 11.2 Maces & Flails
   Level 11.2 Polearms
   Level 11.2 Staves
 - Level 1.3 Slings
 * Level 5.6 Armour
 * Level 4.5 Dodging
 - Level 2.6 Stealth
 * Level 4.0 Shields
   Level 11.2 Unarmed Combat
 * Level 6.8 Invocations


You had 9 spell levels left.
You didn't know any spells.
Your spell library contained the following spells:

 Spells                   Type           Power        Failure   Level  Hunger
 Corona                   Hex            #......      32%         1    ##.....
 Shackle                  Hex            #.......     45%         2    ###....
 False Image              Hex/Summ       #.......     69%         3    ####...
 Inner Flame              Hex/Fire       N/A          69%         3    ####...
 Cause Fear               Hex            #.........   97%         4    #####..
 Yara's Violent Unravell  Hex/Tmut       #.........   97%         4    #####..


Dungeon Overview and Level Annotations

Branches:
Dungeon (8/12)             Temple (0/1) D:6            Lair (1/6) D:8
    Orc (0/1) D:8

Altars:
Ru
Uskayaw
Xom
Zin

Shops:
D:4 =


Innate Abilities, Weirdness & Mutations

You are partially covered in thin metallic scales. (AC +2)
You are agile. (Dex +2)
You are dopey. (Int -2)


Message History

The polar bear claws you but does no damage.
You hit the polar bear but do no damage.
You punch the polar bear.
The polar bear is heavily wounded.
The polar bear bites you!
* * * LOW HITPOINT WARNING * * *
The polar bear closely misses you. The polar bear misses you.
Your orc warrior hits the polar bear with a +0 flail!
The polar bear goes berserk!
You puncture the polar bear!
The polar bear is almost dead.
The polar bear bites you!
* * * LOW HITPOINT WARNING * * *
The polar bear claws you.
* * * LOW HITPOINT WARNING * * *
The polar bear closely misses you.
It was a potion of agility.
You feel agile all of a sudden. The polar bear closely misses you.
The polar bear claws you.
You die...

#.#####P . .........
.. .......... #. ##
...
.........###..##.##
....
.........#h......P##
.... .........#
#...#.....
.........#
##..#.....
.........#
##h........
.........#
#@o.#......
..รท......#
#hhP#......
.......... #...#
..... .........#
#.)..#.# .....
.........#...#.###.#
.... .........#.
...#...# ....
.........##..###...#
.........##..#.....#
.........### #....##


You could see 3 polar bears and a friendly orc warrior.

Vanquished Creatures
  A two-headed ogre (D:8)
  A cyclops (D:8)
  2 komodo dragons
  A troll (D:6)
  A polar bear (Lair:1)
  A hippogriff (D:4)
  A wyvern (Lair:1)
  A basilisk (D:8)
  A hungry ghost (D:4)
  Edmund (D:4)
  2 ice beasts
  An orc warrior (D:6)
  3 black bears (Lair:1)
  3 sky beasts
  4 ogres
  A phantom (D:5)
  2 centaurs (D:8)
  A bullfrog (Lair:1)
  Blork the orc (D:4)
  2 gnoll sergeants
  3 scorpions
  4 crimson imps (D:4)
  A bullfrog zombie (D:7)
  3 orc priests
  4 hounds
  A jelly (D:8)
  A quasit (D:7)
  Crazy Yiuf (D:2)
  A centaur skeleton (D:4)
  4 iguanas
  6 orc wizards
  Ijyb (D:2)
  2 worker ants
  A hound skeleton (D:4)
  2 howler monkey zombies
  16 gnolls
  11 adders
  A shadow imp (D:5)
  3 oozes
  5 worms
  4 dart slugs
  3 leopard geckos
  35 orcs
  10 bats
  2 giant cockroaches
  10 goblins
  3 hobgoblins
  12 jackals
  13 kobolds
  6 quokkas
  5 frilled lizards
  A jackal zombie (D:7)
  2 quokka skeletons
  3 rats (D:2)
211 creatures vanquished.

Vanquished Creatures (collateral kills)
  A meliai zombie (D:8)
  A wyvern (Lair:1)
  An acid dragon (D:8)
  An orc warrior (D:8)
  2 black bears (Lair:1)
  A crimson imp (D:8)
  A hound (D:8)
  A gnoll (D:8)
  4 orcs
  A plant (D:8)
14 creatures vanquished.

Vanquished Creatures (others)
  2 orc warriors (D:8)
  An orc priest (Lair:1)
  14 orcs
  A plant (D:8)
18 creatures vanquished.

Grand Total: 243 creatures vanquished

Notes
Turn   | Place    | Note
-------+----------+-------------------------------------------
     0 | D:1      | JackS81 the Hill Orc Archaeologist began the quest for the
                  | Orb.
     0 | D:1      | Reached XP level 1. HP: 15/15 MP: 1/1
    65 | D:1      | Reached skill level 1 in Fighting
   169 | D:1      | Reached XP level 2. HP: 24/24 MP: 2/2
   256 | D:1      | Reached skill level 2 in Fighting
   484 | D:1      | Reached XP level 3. HP: 26/29 MP: 3/3
  1435 | D:2      | Reached skill level 3 in Fighting
  1521 | D:2      | Found a runed door.
  1598 | D:2      | Found a glowing silver altar of Zin.
  1712 | D:2      | Noticed Ijyb
  1718 | D:2      | Reached XP level 4. HP: 39/39 MP: 4/4
  2064 | D:2      | Reached skill level 4 in Fighting
  2221 | D:2      | Became a worshipper of Beogh the Brigand
  2525 | D:2      | Killed Ijyb
  2673 | D:2      | Gained mutation: You tend to lose your temper in combat.
                  | [potion of mutation]
  2673 | D:2      | Gained mutation: Your flesh is cold resistant. (rC+)
                  | [potion of mutation]
  2674 | D:2      | Lost mutation: Your flesh is cold resistant. (rC+) [potion
                  | of mutation]
  2674 | D:2      | Lost mutation: You tend to lose your temper in combat.
                  | [potion of mutation]
  2674 | D:2      | Gained mutation: You are dopey. (Int -2) [potion of
                  | mutation]
  2674 | D:2      | Gained mutation: You are agile. (Dex +2) [potion of
                  | mutation]
  2674 | D:2      | Gained mutation: You are partially covered in thin metallic
                  | scales. (AC +2) [potion of mutation]
  2676 | D:2      | Noticed Crazy Yiuf
  2684 | D:2      | Killed Crazy Yiuf
  2684 | D:2      | Reached skill level 5 in Fighting
  2684 | D:2      | Reached XP level 5. HP: 48/48 MP: 5/5
  2975 | D:3      | Reached skill level 6 in Fighting
  2990 | D:3      | Reached XP level 6. HP: 42/58 MP: 6/6
  3111 | D:3      | Reached * piety under Beogh
  3149 | D:3      | Reached skill level 1 in Invocations
  3271 | D:3      | Noticed a sky beast
  3279 | D:3      | Killed a sky beast
  3279 | D:3      | Reached skill level 1 in Armour
  3445 | D:3      | Reached XP level 7. HP: 58/64 MP: 8/8
  3892 | D:4      | Noticed Blork the orc
  3921 | D:4      | Reached skill level 7 in Fighting
  3952 | D:4      | Reached ** piety under Beogh
  4050 | D:4      | Killed Blork the orc
  4101 | D:4      | Found a sacrificial altar of Ru.
  4191 | D:4      | Noticed a hippogriff
  4193 | D:4      | Noticed Edmund
  4217 | D:4      | Killed a hippogriff
  4217 | D:4      | Reached XP level 8. HP: 69/74 MP: 8/10
  4349 | D:4      | Found Uriacw's Jewellery Boutique.
  4480 | D:4      | Reached skill level 8 in Fighting
  4765 | D:4      | Killed Edmund
  5004 | D:5      | Entered Level 5 of the Dungeon
  5161 | D:5      | Reached skill level 9 in Fighting
  5161 | D:5      | Reached skill level 1 in Slings
  5331 | D:5      | Reached XP level 9. HP: 72/83 MP: 12/12
  5468 | D:5      | Reached *** piety under Beogh
  5701 | D:6      | Reached skill level 1 in Shields
  5882 | D:6      | Noticed a troll
  5893 | D:6      | Killed a troll
  5893 | D:6      | Reached skill level 5 in Invocations
  6090 | D:6      | Found a staircase to the Ecumenical Temple.
  6315 | D:6      | Found a shimmering altar of Xom.
  6332 | D:6      | Paralysed by a gnoll for 3 turns
  6611 | D:7      | Got a translucent rapier
  6615 | D:7      | Identified the +8 rapier of Unkoryl {protect, rN+ Int+4}
                  | (You found it on level 7 of the Dungeon)
  6706 | D:7      | Reached skill level 10 in Fighting
  6835 | D:7      | Found a hide-covered altar of Uskayaw.
  7165 | D:8      | Found a staircase to the Lair.
  7166 | D:8      | Noticed a komodo dragon
  7186 | D:8      | Killed a komodo dragon
  7186 | D:8      | Reached XP level 10. HP: 89/93 MP: 14/14
  7422 | D:8      | Noticed a two-headed ogre
  7437 | D:8      | Killed a two-headed ogre
  7437 | D:8      | Reached skill level 5 in Armour
  7823 | D:8      | Noticed a cyclops
  7836 | D:8      | Killed a cyclops
  8128 | D:8      | Reached **** piety under Beogh
  8148 | D:8      | Gained Norbak as an ally
  8161 | D:8      | Your ally Norbak died
  8521 | D:8      | Found a staircase to the Orcish Mines.
  8715 | Lair:1   | Entered Level 1 of the Lair of Beasts
  8771 | Lair:1   | Reached skill level 11 in Fighting
  8884 | Lair:1   | HP: 2/96 [polar bear (9)]
  8885 | Lair:1   | Slain by a polar bear

Skill      XL: |  1  2  3  4  5  6  7  8  9 10 |
---------------+-------------------------------+-----
Fighting       | 1 2 3 5 6 7 9 10 11 | 11.2
Invocations    | 1 3 4 5 6 |  6.8
Armour         | 1 2 3 4 5 |  5.6
Dodging        | 3 4 |  4.5
Slings         | 1 |  1.3
Shields        | 2 4 |  4.0
Short Blades   | | 11.2
Long Blades    | | 11.2
Axes           | | 11.2
Maces & Flails | | 11.2
Polearms       | | 11.2
Staves         | | 11.2
Stealth        | |  2.6
Unarmed Combat | | 11.2

Action                   |  1- 3 |  4- 6 |  7- 9 | 10-12 || total
-------------------------+-------+-------+-------+-------++-------
Melee: Whip              |   137 |    74 |       |       ||   211
       Unarmed           |       |     9 |       |       ||     9
       Punch             |       |     2 |    10 |     5 ||    17
       Cutlass           |       |    39 |   173 |    96 ||   308
       Rapier            |       |       |     1 |       ||     1
 Fire: Hunting sling     |       |    67 |   152 |     9 ||   228
Throw: Stone             |    12 |    12 |       |       ||    24
Invok: Convert to Beogh  |       |     1 |       |       ||     1
  Use: Potion            |     2 |     4 |       |     2 ||     8
       Scroll            |     2 |     2 |     6 |     1 ||    11
 Stab: Sleeping          |     5 |     3 |     6 |       ||    14
       Invisible         |       |       |     1 |       ||     1
  Eat: Chunk             |     3 |     5 |    10 |     2 ||    20
       Ration            |       |       |     1 |     1 ||     2
Armor: Robe              |    49 |    31 |    38 |    21 ||   139
       Skin              |       |     1 |       |       ||     1
Dodge: Dodged            |    82 |    54 |    79 |    54 ||   269
